Workbook

Sheet informatin sheet
A1: number of animals held and sold
A2: pigs | B2: 150
A3: sheep | B3: 350
A4: cows | B4: 215
A5: calves | B5: 30
A6: price of animals in pounds | B6: spring | C6: summer | D6: autumn | E6: winter
A7: pigs | B7: 100 | C7: 90 | D7: 80 | E7: 90
A8: sheep | B8: 55 | C8: 50 | D8: 50 | E8: 50
A9: cows | B9: 300 | C9: 320 | D9: 325 | E9: 335
A10: calves | B10: 150 | C10: 150 | D10: 175 | E10: 165
A12: selling costs
A13: auction fees | B13: 0.02 | C13: of total sales
A14: transport | B14: 0.05 | C14: per animal
A15: market fees | B15: 0.0005 | C15: of total sales
A17: average weekly costs of keeping animals
A18: pigs | B18: 0.85
A19: sheep | B19: 0.45
A20: cows | B20: 2.75
A21: calves | B21: 1.5
B22: jan | C22: feb | D22: march | E22: april | F22: may | G22: june | H22: july | I22: august | J22: sept | K22: oct | L22: nov | M22: dec
A23: other costs innoculation
A24: pigs | C24: 0.7 | D24: 0.7 | E24: 0.7
A25: sheep | B25: 1.5 | C25: 1.5 | D25: 1.5 | E25: 1.5 | F25: 1.5 | G25: 1.5
A26: cows | B26: 1.5 | C26: 1.5 | D26: 1.5
A27: calves | C27: 1.25 | D27: 1.25
A29: vet fees | B29: 250 | C29: increase 1%
A31: income
A32: cows attract a subsidy of | B32: 5 | C32: per animal per month
A33: calves attracted a subsidy of | B33: 2 | C33: per animal per month
A34: sheep (not lambs) attract | B34: 0.5 | C34: per animal per month

Sheet spring
A1: spring
B2: incom | C2: auction | D2: transport | E2: market fees | F2: total income
A3: pigs | B3: ='informatin sheet'!$B$2*'informatin sheet'!$B$7 -> 15000 | C3: =B3*'informatin sheet'!B13 -> 300 | D3: ='informatin sheet'!$B$2*'informatin sheet'!$B$14 -> 7.5 | E3: =$B$3*'informatin sheet'!$B$15 -> 7.5 | F3: =SUM(B3:E3) -> 15315
A4: sheep | B4: ='informatin sheet'!$B$3*'informatin sheet'!$B$8 -> 19250 | C4: =B4*'informatin sheet'!B13 -> 385 | D4: ='informatin sheet'!$B$3*'informatin sheet'!$B$14 -> 17.5 | E4: =$B$4*'informatin sheet'!$B$15 -> 9.625 | F4: =SUM(B4:E4) -> 19662.125
A5: cows | B5: ='informatin sheet'!$B$4*'informatin sheet'!$B$9 -> 64500 | C5: =B5*'informatin sheet'!B13 -> 1290 | D5: ='informatin sheet'!$B$4*'informatin sheet'!$B$14 -> 10.75 | E5: =$B$5*'informatin sheet'!$B$15 -> 32.25 | F5: =SUM(B5:E5) -> 65833
A6: calves | B6: ='informatin sheet'!$B$5*'informatin sheet'!$B$10 -> 4500 | C6: =B6*'informatin sheet'!B13 -> 90 | D6: ='informatin sheet'!$B$5*'informatin sheet'!$B$14 -> 1.5 | E6: =$B$6*'informatin sheet'!$B$15 -> 2.25 | F6: =SUM(B6:E6) -> 4593.75
A7: total | B7: =SUM(B3:B6) -> 103250 | C7: =SUM(C3:C6) -> 2065 | D7: =SUM(D3:D6) -> 37.25 | E7: =SUM(E3:E6) -> 51.625

Sheet summer
A1: summer
B2: incom | C2: auction | D2: transport | E2: market fees | F2: total income
A3: pigs | B3: ='informatin sheet'!$B$2*'informatin sheet'!$C$7 -> 13500 | C3: =B3*'informatin sheet'!B13 -> 270 | D3: ='informatin sheet'!$B$2*'informatin sheet'!$B$14 -> 7.5 | E3: =$B$3*'informatin sheet'!$B$15 -> 6.75 | F3: =SUM(B3:E3) -> 13784.25
A4: sheep | B4: ='informatin sheet'!$B$3*'informatin sheet'!$C$8 -> 17500 | C4: =summer!$B$4*'informatin sheet'!B13 -> 350 | D4: ='informatin sheet'!$B$3*'informatin sheet'!$B$14 -> 17.5 | E4: =$B$4*'informatin sheet'!$B$15 -> 8.75 | F4: =SUM(B4:E4) -> 17876.25
A5: cows | B5: ='informatin sheet'!$B$4*'informatin sheet'!$C$9 -> 68800 | C5: =$B$5*'informatin sheet'!$B$13 -> 1376 | D5: ='informatin sheet'!$B$4*'informatin sheet'!$B$14 -> 10.75 | E5: =$B$5*'informatin sheet'!$B$15 -> 34.4 | F5: =SUM(B5:E5) -> 70221.15
A6: calves | B6: ='informatin sheet'!$B$4*'informatin sheet'!$C$10 -> 32250 | C6: =$B$6*'informatin sheet'!$B$13 -> 645 | D6: ='informatin sheet'!$B$5*'informatin sheet'!$B$14 -> 1.5 | E6: =$B$6*'informatin sheet'!$B$15 -> 16.125 | F6: =SUM(B6:E6) -> 32912.625
A7: total | B7: =SUM(B3:B6) -> 132050 | C7: =SUM(C3:C6) -> 2641 | D7: =SUM(D3:D6) -> 37.25 | E7: =SUM(E3:E6) -> 66.025

Sheet autumn
A1: autumn
B2: income | C2: auction | D2: transport | E2: market fees | F2: total incom
A3: pigs | B3: ='informatin sheet'!$B$2*'informatin sheet'!$D$7 -> 12000 | C3: =$B$3*'informatin sheet'!$B$13 -> 240 | D3: ='informatin sheet'!$B$2*'informatin sheet'!$B$14 -> 7.5 | E3: =$B$3*'informatin sheet'!$B$15 -> 6 | F3: =SUM(B3:E3) -> 12253.5
A4: sheep | B4: ='informatin sheet'!$B$3*'informatin sheet'!$D$8 -> 17500 | C4: =B4*'informatin sheet'!$B$13 -> 350 | D4: ='informatin sheet'!$B$3*'informatin sheet'!$B$14 -> 17.5 | E4: =$B$4*'informatin sheet'!$B$15 -> 8.75 | F4: =SUM(B4:E4) -> 17876.25
A5: cows | B5: ='informatin sheet'!$B$4*'informatin sheet'!$D$9 -> 69875 | C5: =$B$5*'informatin sheet'!$B$13 -> 1397.5 | D5: ='informatin sheet'!$B$4*'informatin sheet'!$B$14 -> 10.75 | E5: =$B$5*'informatin sheet'!$B$15 -> 34.9375 | F5: =SUM(B5:E5) -> 71318.188
A6: calves | B6: ='informatin sheet'!$B$5*'informatin sheet'!$D$10 -> 5250 | C6: =$B$6*'informatin sheet'!$B$13 -> 105 | D6: ='informatin sheet'!$B$5*'informatin sheet'!$B$14 -> 1.5 | E6: =$B$6*'informatin sheet'!$B$15 -> 2.625 | F6: =SUM(B6:E6) -> 5359.125
A7: total | B7: =SUM(B3:B6) -> 104625 | C7: =SUM(C3:C6) -> 2092.5 | D7: =SUM(D3:D6) -> 37.25 | E7: =SUM(E3:E6) -> 52.3125

Sheet winter
A1: winter
B2: income | C2: auction | D2: transport | E2: market fees | F2: total income
A3: pigs | B3: ='informatin sheet'!$B$2*'informatin sheet'!$E$7 -> 13500 | C3: =$B$3*'informatin sheet'!$B$13 -> 270 | D3: ='informatin sheet'!$B$2*'informatin sheet'!$B$14 -> 7.5 | E3: =$B$3*'informatin sheet'!$B$15 -> 6.75 | F3: =SUM(B3:E3) -> 13784.25
A4: sheep | B4: ='informatin sheet'!$B$3*'informatin sheet'!$E$8 -> 17500 | C4: =$B$4*'informatin sheet'!$B$13 -> 350 | D4: ='informatin sheet'!$B$3*'informatin sheet'!$B$14 -> 17.5 | E4: =$B$4*'informatin sheet'!$B$15 -> 8.75 | F4: =SUM(B4:E4) -> 17876.25
A5: cows | B5: ='informatin sheet'!$B$4*'informatin sheet'!$E$9 -> 72025 | C5: =$B$5*'informatin sheet'!$B$13 -> 1440.5 | D5: ='informatin sheet'!$B$4*'informatin sheet'!$B$14 -> 10.75 | E5: =$B$5*'informatin sheet'!$B$15 -> 36.0125 | F5: =SUM(B5:E5) -> 73512.262
A6: calves | B6: ='informatin sheet'!$B$5*'informatin sheet'!$E$10 -> 4950 | C6: =B6*'informatin sheet'!$B$13 -> 99 | D6: ='informatin sheet'!$B$5*'informatin sheet'!$B$14 -> 1.5 | E6: =$B$6*'informatin sheet'!$B$15 -> 2.475 | F6: =SUM(B6:E6) -> 5052.975
A7: total | B7: =SUM(B3:B6) -> 107975 | C7: =SUM(C3:C6) -> 2159.5 | D7: =SUM(D3:D6) -> 37.25 | E7: =SUM(E3:E6) -> 53.9875

Sheet income and expenditure
B2: cost | C2: jan | D2: feb | E2: march | F2: april | G2: may | H2: june | I2: july | J2: august | K2: sept | L2: oct | M2: nov | N2: dec
A3: pigs | C3: =('informatin sheet'!B18*4)*'informatin sheet'!B2 -> 510 | D3: =('informatin sheet'!B18*4)*'informatin sheet'!B2 -> 510 | E3: =('informatin sheet'!B18*4)*'informatin sheet'!B2 -> 510 | F3: =('informatin sheet'!B18*4)*'informatin sheet'!B2 -> 510 | G3: =('informatin sheet'!B18*4)*'informatin sheet'!B2 -> 510 | H3: =G3 -> 510 | I3: =H3 -> 510 | J3: =I3 -> 510 | K3: =J3 -> 510 | L3: =K3 -> 510 | M3: =('informatin sheet'!B18*4)*'informatin sheet'!B2 -> 510 | N3: =M3 -> 510
A4: sheep | C4: =('informatin sheet'!B19*4)*'informatin sheet'!B3 -> 630 | D4: =('informatin sheet'!B19*4)*'informatin sheet'!B3 -> 630 | E4: =('informatin sheet'!B19*4)*'informatin sheet'!B3 -> 630 | F4: =('informatin sheet'!B19*4)*'informatin sheet'!B3 -> 630 | G4: =('informatin sheet'!B19*4)*'informatin sheet'!B3 -> 630 | H4: =('informatin sheet'!B19*4)*'informatin sheet'!B3 -> 630 | I4: =H4 -> 630 | J4: =I4 -> 630 | K4: =J4 -> 630 | L4: =K4 -> 630 | M4: =('informatin sheet'!B19*4)*'informatin sheet'!B3 -> 630 | N4: =M4 -> 630
A5: cows | C5: =('informatin sheet'!B20*4)*'informatin sheet'!B4 -> 2365 | D5: =('informatin sheet'!B20*4)*'informatin sheet'!B4 -> 2365 | E5: =('informatin sheet'!B20*4)*'informatin sheet'!B4 -> 2365 | F5: =('informatin sheet'!B20*4)*'informatin sheet'!B4 -> 2365 | G5: =('informatin sheet'!B20*4)*'informatin sheet'!B4 -> 2365 | H5: =('informatin sheet'!B20*4)*'informatin sheet'!B4 -> 2365 | I5: =H5 -> 2365 | J5: =I5 -> 2365 | K5: =J5 -> 2365 | L5: =K5 -> 2365 | M5: =('informatin sheet'!B20*4)*'informatin sheet'!B4 -> 2365 | N5: =M5 -> 2365
A6: calves | C6: =('informatin sheet'!B21*4)*'informatin sheet'!B5 -> 180 | D6: =('informatin sheet'!B21*4)*'informatin sheet'!B5 -> 180 | E6: =('informatin sheet'!B21*4)*'informatin sheet'!B5 -> 180 | F6: =('informatin sheet'!B21*4)*'informatin sheet'!B5 -> 180 | G6: =('informatin sheet'!B21*4)*'informatin sheet'!B5 -> 180 | H6: =('informatin sheet'!B21*4)*'informatin sheet'!B5 -> 180 | I6: =H6 -> 180 | J6: =I6 -> 180 | K6: =J6 -> 180 | L6: =K6 -> 180 | M6: =('informatin sheet'!B21*4)*'informatin sheet'!B5 -> 180 | N6: =M6 -> 180
A8: innoculations
A9: pigs | D9: ='informatin sheet'!B2*'informatin sheet'!C24 -> 105 | E9: ='informatin sheet'!B2*'informatin sheet'!D24 -> 105 | F9: ='informatin sheet'!B2*'informatin sheet'!E24 -> 105
A10: sheep | C10: ='informatin sheet'!B3*'informatin sheet'!B25 -> 525 | D10: ='informatin sheet'!B3*'informatin sheet'!C25 -> 525 | E10: ='informatin sheet'!B3*'informatin sheet'!D25 -> 525 | F10: ='informatin sheet'!B3*'informatin sheet'!E25 -> 525 | G10: ='informatin sheet'!B3*'informatin sheet'!F25 -> 525 | H10: ='informatin sheet'!B3*'informatin sheet'!G25 -> 525
A11: cows | C11: ='informatin sheet'!B4*'informatin sheet'!B26 -> 322.5 | D11: ='informatin sheet'!B4*'informatin sheet'!C26 -> 322.5 | E11: ='informatin sheet'!B4*'informatin sheet'!D26 -> 322.5
A12: calves | D12: ='informatin sheet'!B5*'informatin sheet'!C27 -> 37.5 | E12: ='informatin sheet'!B5*'informatin sheet'!D27 -> 37.5
A13: vet fees | C13: 250 | D13: =C13+(C13*1%) -> 252.5 | E13: =D13+(D13*1%) -> 255.025 | F13: =E13+(E13*1%) -> 257.57525 | G13: =F13+(F13*1%) -> 260.151 | H13: =G13+(G13*1%) -> 262.75251 | I13: =H13+(H13*1%) -> 265.38004 | J13: =I13+(I13*1%) -> 268.03384 | K13: =J13+(J13*1%) -> 270.71418 | ... N13: =M13+(M13*1%) -> 278.91709
A14: total costs | C14: =SUM(C3:C13) -> 4782.5 | D14: =SUM(D3:D13) -> 4927.5 | E14: =SUM(E3:E13) -> 4930.025 | F14: =SUM(F3:F13) -> 4572.5752 | G14: =SUM(G3:G13) -> 4470.151 | H14: =SUM(H3:H13) -> 4472.7525 | I14: =SUM(I3:I13) -> 3950.38 | J14: =SUM(J3:J13) -> 3953.0338 | ... N14: =SUM(N3:N13) -> 3963.9171
A16: income
A17: susidy cows | C17: ='informatin sheet'!B4*'informatin sheet'!B32 -> 1075 | D17: ='informatin sheet'!B4*'informatin sheet'!B32 -> 1075 | E17: ='informatin sheet'!B4*'informatin sheet'!B32 -> 1075 | F17: ='informatin sheet'!B4*'informatin sheet'!B32 -> 1075 | G17: ='informatin sheet'!B4*'informatin sheet'!B32 -> 1075 | H17: ='informatin sheet'!B4*'informatin sheet'!B32 -> 1075 | I17: ='informatin sheet'!B4*'informatin sheet'!B32 -> 1075 | J17: ='informatin sheet'!B4*'informatin sheet'!B32 -> 1075 | K17: ='informatin sheet'!B4*'informatin sheet'!B32 -> 1075 | L17: ='informatin sheet'!B4*'informatin sheet'!B32 -> 1075 | M17: ='informatin sheet'!B4*'informatin sheet'!B32 -> 1075 | N17: ='informatin sheet'!B4*'informatin sheet'!B32 -> 1075
A18: subsidy sheep | C18: ='informatin sheet'!B3*'informatin sheet'!B34 -> 175 | D18: ='informatin sheet'!B3*'informatin sheet'!B34 -> 175 | E18: ='informatin sheet'!B3*'informatin sheet'!B34 -> 175 | F18: ='informatin sheet'!B3*'informatin sheet'!B34 -> 175 | G18: ='informatin sheet'!B3*'informatin sheet'!B34 -> 175 | H18: ='informatin sheet'!B3*'informatin sheet'!B34 -> 175 | I18: ='informatin sheet'!B3*'informatin sheet'!B34 -> 175 | J18: ='informatin sheet'!B3*'informatin sheet'!B34 -> 175 | K18: ='informatin sheet'!B3*'informatin sheet'!B34 -> 175 | L18: ='informatin sheet'!B3*'informatin sheet'!B34 -> 175 | M18: ='informatin sheet'!B3*'informatin sheet'!B34 -> 175 | N18: ='informatin sheet'!B3*'informatin sheet'!B34 -> 175
A19: calves | C19: ='informatin sheet'!B5*'informatin sheet'!B33 -> 60 | D19: ='informatin sheet'!B5*'informatin sheet'!B33 -> 60 | E19: ='informatin sheet'!B5*'informatin sheet'!B33 -> 60 | F19: ='informatin sheet'!B5*'informatin sheet'!B33 -> 60 | G19: ='informatin sheet'!B5*'informatin sheet'!B33 -> 60 | H19: ='informatin sheet'!B5*'informatin sheet'!B33 -> 60 | I19: ='informatin sheet'!B5*'informatin sheet'!B33 -> 60 | J19: ='informatin sheet'!B5*'informatin sheet'!B33 -> 60 | K19: ='informatin sheet'!B5*'informatin sheet'!B33 -> 60 | L19: ='informatin sheet'!B5*'informatin sheet'!B33 -> 60 | M19: ='informatin sheet'!B5*'informatin sheet'!B33 -> 60 | N19: ='informatin sheet'!B5*'informatin sheet'!B33 -> 60
A20: total income | C20: =SUM(C17:C19) -> 1310 | D20: =SUM(D17:D19) -> 1310 | E20: =SUM(E17:E19) -> 1310 | F20: =SUM(F17:F19) -> 1310 | G20: =SUM(G17:G19) -> 1310 | H20: =SUM(H17:H19) -> 1310 | I20: =SUM(I17:I19) -> 1310 | J20: =SUM(J17:J19) -> 1310 | ... N20: =SUM(N17:N19) -> 1310
A21: bal b/fwd
A22: bal c/ fwd
